| TOP OF THE 1ST |
|
Everett AquaSox batting - Pitching for Los Angeles (NYP) Angels : RHP Ju-wei Long
|
|
Pitching: RHP Ju-wei Long
|
|
|
Batting: RHB Antonio Oyola
|
0-0: Ground out 1-3 (Groundball, P, EV 65.6 MPH)
|
|
Batting: RHB Tomokazu Sugimoto
|
0-0: Ball 1-0: Called Strike 1-1: Ball 2-1: Swinging Strike 2-2: Strikes out swinging
|
|
Batting: RHB Bryan Alfaro
|
0-0: Foul Ball, location: 2F 0-1: Called Strike 0-2: Ball 1-2: Ground out 5-3 (Groundball, 56S, EV 62.5 MPH)
|
| Top of the 1st over - 0 runs, 0 hits, 0 errors, 0 left on base; Everett 0 - Los Angeles (NYP) 0 |
| BOTTOM OF THE 1ST |
|
Los Angeles (NYP) Angels batting - Pitching for Everett AquaSox : LHP Adam Schmidt
|
|
Pitching: LHP Adam Schmidt
|
|
|
Batting: RHB Scott Webb
|
0-0: Swinging Strike 0-1: Ball 1-1: Ball 2-1: SINGLE (Groundball, 56D, EV 97.5 MPH)
|
|
Batting: RHB Dan Myers
|
0-0: Called Strike 0-1: Ball 1-1: Foul Ball, location: 2F 1-2: Strikes out looking
|
|
Batting: RHB Ivan Barrientos
|
0-0: Called Strike 0-1: Ball 1-1: Foul Ball, location: 2F 1-2: Foul Ball, location: 2F 1-2: Strikes out swinging
|
|
Batting: RHB Aaron Bryant
|
0-0: Ball 1-0: Called Strike 1-1: Ball 2-1: Foul Ball, location: 2F 2-2: Foul Ball, location: 2F 2-2: Foul Ball, location: 2F 2-2: Foul Ball, location: 2F 2-2: Fly out, F7 (Flyball, 7S, EV 88.1 MPH)
|
| Bottom of the 1st over - 0 runs, 1 hit, 0 errors, 1 left on base; Everett 0 - Los Angeles (NYP) 0 |
| TOP OF THE 2ND |
|
Everett AquaSox batting - Pitching for Los Angeles (NYP) Angels : RHP Ju-wei Long
|
|
Batting: RHB Ching-hsia Zhang
|
0-0: Ball 1-0: Ball 2-0: DOUBLE (Line Drive, 9LM, EV 104.4 MPH)
|
|
Batting: SHB Tony Morales
|
0-0: Ball 1-0: Called Strike 1-1: Ball 2-1: Swinging Strike 2-2: Ball 3-2: Strikes out swinging
|
|
Batting: RHB Sal Cervantes
|
0-0: Ball 1-0: Swinging Strike 1-1: Swinging Strike 1-2: Foul Ball, location: 2F 1-2: Foul Ball, location: 2F 1-2: Strikes out looking
|
|
Batting: RHB Rich Justice
|
0-0: Called Strike 0-1: Ball 1-1: Swinging Strike 1-2: Ball 2-2: Ball 3-2: Foul Ball, location: 2F 3-2: Strikes out swinging
|
| Top of the 2nd over - 0 runs, 1 hit, 0 errors, 1 left on base; Everett 0 - Los Angeles (NYP) 0 |
| BOTTOM OF THE 2ND |
|
Los Angeles (NYP) Angels batting - Pitching for Everett AquaSox : LHP Adam Schmidt
|
|
Batting: RHB Wilford Harper
|
0-0: Swinging Strike 0-1: Called Strike 0-2: Strikes out swinging
|
|
Batting: SHB Yuya Hirata
|
0-0: Called Strike 0-1: Ball 1-1: Ball 2-1: Ball 3-1: Foul Ball, location: 2F 3-2: Base on Balls
|
|
Batting: LHB Bill Girton
|
0-0: Called Strike 0-1: Called Strike 0-2: Ball 1-2: Strikes out swinging
|
|
Batting: RHB Brendan Garoutte
|
0-0: Ball 1-0: Ball 2-0: Swinging Strike 2-1: Ball 3-1: Base on Balls Yuya Hirata to second
|
|
Batting: RHB Ron Major
|
0-0: Swinging Strike 0-1: Ball 1-1: Fly out, F8 (Flyball, 8RM, EV 89.4 MPH)
|
| Bottom of the 2nd over - 0 runs, 0 hits, 0 errors, 2 left on base; Everett 0 - Los Angeles (NYP) 0 |
| TOP OF THE 3RD |
|
Everett AquaSox batting - Pitching for Los Angeles (NYP) Angels : RHP Ju-wei Long
|
|
Batting: SHB Raghnall Ahearne
|
0-0: Ball 1-0: Ball 2-0: Called Strike 2-1: Swinging Strike 2-2: Ball 3-2: Strikes out looking
|
|
Batting: RHB Danny Pujols
|
0-0: Foul Ball, location: 2F 0-1: Ball 1-1: Called Strike 1-2: Strikes out looking
|
|
Batting: RHB Antonio Oyola
|
0-0: Ball 1-0: Ball 2-0: Swinging Strike 2-1: Ball 3-1: Base on Balls
|
|
Batting: RHB Tomokazu Sugimoto
|
0-0: Called Strike Antonio Oyola steals 2nd base 0-1: Ball 1-1: Reached on error, E6 (Groundball, 6, EV 89.4 MPH) Antonio Oyola scores
|
|
Batting: RHB Bryan Alfaro
|
0-0: Ball 1-0: Ball 2-0: Called Strike 2-1: Ball 3-1: Called Strike 3-2: Base on Balls
|
|
Batting: RHB Ching-hsia Zhang
|
0-0: Foul Ball, location: 2F 0-1: Foul Ball, location: 2F 0-2: Foul Ball, location: 2F 0-2: Ball 1-2: Strikes out looking
|
| Top of the 3rd over - 1 run, 0 hits, 1 error, 2 left on base; Everett 1 - Los Angeles (NYP) 0 |
| BOTTOM OF THE 3RD |
|
Los Angeles (NYP) Angels batting - Pitching for Everett AquaSox : LHP Adam Schmidt
|
|
Batting: RHB Scott Webb
|
0-0: Ball 1-0: Foul Ball, location: 2F 1-1: Ground out 6-3 (Groundball, 6, EV 95.0 MPH)
|
|
Batting: RHB Dan Myers
|
0-0: Ball 1-0: Called Strike 1-1: Foul Ball, location: 2F 1-2: Foul Ball, location: 2F 1-2: Foul Ball, location: 2F 1-2: Ground out 3-1 (Groundball, 34, EV 109.4 MPH)
|
|
Batting: RHB Ivan Barrientos
|
0-0: Ball 1-0: Swinging Strike 1-1: Called Strike 1-2: Ground out 5-3 (Groundball, 5L, EV 81.2 MPH)
|
| Bottom of the 3rd over - 0 runs, 0 hits, 0 errors, 0 left on base; Everett 1 - Los Angeles (NYP) 0 |
| TOP OF THE 4TH |
|
Everett AquaSox batting - Pitching for Los Angeles (NYP) Angels : RHP Ju-wei Long
|
|
Batting: SHB Tony Morales
|
0-0: Ball 1-0: Ball 2-0: Ball 3-0: Base on Balls
|
|
Batting: RHB Sal Cervantes
|
0-0: Ball 1-0: Foul Ball, location: 2F 1-1: Fly out, F8 (Flyball, 8LD, EV 95.0 MPH)
|
|
Batting: RHB Rich Justice
|
0-0: Ball 1-0: Ball Tony Morales steals 2nd base (no throw) 2-0: Ball 3-0: Called Strike 3-1: Foul Ball, location: 2F 3-2: Ground out 3-1 (Groundball, 34S, EV 73.1 MPH) Tony Morales to third
|
|
Batting: SHB Raghnall Ahearne
|
0-0: Called Strike 0-1: Ball 1-1: Fly out, F7 (Flyball, 78M, EV 90.6 MPH)
|
| Top of the 4th over - 0 runs, 0 hits, 0 errors, 1 left on base; Everett 1 - Los Angeles (NYP) 0 |
| BOTTOM OF THE 4TH |
|
Los Angeles (NYP) Angels batting - Pitching for Everett AquaSox : LHP Adam Schmidt
|
|
Batting: RHB Aaron Bryant
|
0-0: Ball 1-0: Called Strike 1-1: Foul Ball, location: 2F 1-2: Ground out U3 (Groundball, 3S, EV 79.4 MPH)
|
|
Batting: RHB Wilford Harper
|
0-0: Called Strike 0-1: Swinging Strike 0-2: Strikes out swinging
|
|
Batting: SHB Yuya Hirata
|
0-0: Ball 1-0: SINGLE (Line Drive, 78S, EV 99.4 MPH)
|
|
Batting: LHB Bill Girton
|
0-0: Ball 1-0: Called Strike 1-1: Ground out 4-3 (Groundball, 34, EV 106.2 MPH)
|
| Bottom of the 4th over - 0 runs, 1 hit, 0 errors, 1 left on base; Everett 1 - Los Angeles (NYP) 0 |
| TOP OF THE 5TH |
|
Everett AquaSox batting - Pitching for Los Angeles (NYP) Angels : RHP Ju-wei Long
|
|
Batting: RHB Danny Pujols
|
0-0: Ball 1-0: Ball 2-0: Ball 3-0: Base on Balls
|
|
Pitching: RHP Victor Padilla
|
|
|
Batting: RHB Antonio Oyola
|
0-0: Ball 1-0: Foul Ball, location: 2F 1-1: Fielders Choice at 2nd, 4-6 (Groundball, 4, EV 85.0 MPH)
|
|
Batting: RHB Tomokazu Sugimoto
|
0-0: Ball 1-0: Ball 2-0: Foul Ball, location: 2F 2-1: Ball 3-1: Base on Balls Antonio Oyola to second
|
|
Batting: RHB Bryan Alfaro
|
0-0: Foul Ball, location: 2F 0-1: Foul Ball, location: 2F 0-2: Ball Wild Pitch! Antonio Oyola to third Tomokazu Sugimoto to second 1-2: Foul Ball, location: 2F 1-2: Foul Ball, location: 2F 1-2: SINGLE (Groundball, 56, EV 94.4 MPH) Antonio Oyola scores Tomokazu Sugimoto to third Runner from 3rd tries for Home, throw by LF and OUT! 7-2
|
|
Batting: RHB Ching-hsia Zhang
|
0-0: Called Strike Bryan Alfaro steals 2nd, throwing error, E2 Bryan Alfaro to third 0-1: Fly out, F9 (Flyball, 89S, EV 88.1 MPH)
|
| Top of the 5th over - 1 run, 1 hit, 1 error, 1 left on base; Everett 2 - Los Angeles (NYP) 0 |
| BOTTOM OF THE 5TH |
|
Los Angeles (NYP) Angels batting - Pitching for Everett AquaSox : LHP Adam Schmidt
|
|
Batting: RHB Brendan Garoutte
|
0-0: Ball 1-0: Foul Ball, location: 2F 1-1: Foul Ball, location: 2F 1-2: Ball 2-2: Ball 3-2: Foul Ball, location: 2F 3-2: Foul Ball, location: 2F 3-2: TRIPLE (Flyball, 89XD, EV 95.6 MPH)
|
|
Batting: RHB Ron Major
|
0-0: Ball 1-0: Called Strike 1-1: Called Strike 1-2: Strikes out swinging
|
|
Batting: RHB Scott Webb
|
0-0: Called Strike 0-1: Ground out U3 (Groundball, 34, EV 109.4 MPH) Brendan Garoutte scores
|
|
Batting: RHB Dan Myers
|
0-0: Called Strike 0-1: Swinging Strike 0-2: Ball 1-2: Strikes out looking
|
| Bottom of the 5th over - 1 run, 1 hit, 0 errors, 0 left on base; Everett 2 - Los Angeles (NYP) 1 |
| TOP OF THE 6TH |
|
Everett AquaSox batting - Pitching for Los Angeles (NYP) Angels : RHP Victor Padilla
|
|
Batting: SHB Tony Morales
|
0-0: Ball 1-0: Swinging Strike 1-1: Ground out 6-3 (Groundball, 6, EV 89.4 MPH)
|
|
Batting: RHB Sal Cervantes
|
0-0: Hit by Pitch
|
|
Batting: RHB Rich Justice
|
0-0: Ball 1-0: Ball 2-0: Called Strike 2-1: Ball Sal Cervantes steals 2nd, throwing error, E2 Sal Cervantes to third 3-1: Base on Balls
|
|
Batting: SHB Raghnall Ahearne
|
0-0: Ball Wild Pitch! Sal Cervantes scores Rich Justice to second 1-0: Ball Rich Justice steals 3rd base 2-0: Called Strike 2-1: Ball 3-1: Foul Ball, location: 2F 3-2: Strikes out swinging
|
|
Batting: RHB Danny Pujols
|
0-0: Ball 1-0: Ball 2-0: Swinging Strike 2-1: Fly out, F9 (Flyball, 89M, EV 93.8 MPH)
|
| Top of the 6th over - 1 run, 0 hits, 1 error, 1 left on base; Everett 3 - Los Angeles (NYP) 1 |
| BOTTOM OF THE 6TH |
|
Los Angeles (NYP) Angels batting - Pitching for Everett AquaSox : LHP Adam Schmidt
|
|
Pitching: RHP Eduardo Arlarcon
|
|
|
Batting: RHB Ivan Barrientos
|
0-0: Swinging Strike 0-1: Ball 1-1: Ball 2-1: Foul Ball, location: 2F 2-2: Strikes out swinging
|
|
Batting: RHB Aaron Bryant
|
0-0: Called Strike 0-1: SINGLE (Line Drive, 34D, EV 95.0 MPH)
|
|
Batting: RHB Wilford Harper
|
0-0: Ball 1-0: Grounds into double play, 4-6-3 (Groundball, 34S, EV 87.5 MPH)
|
| Bottom of the 6th over - 0 runs, 1 hit, 0 errors, 0 left on base; Everett 3 - Los Angeles (NYP) 1 |
| TOP OF THE 7TH |
|
Everett AquaSox batting - Pitching for Los Angeles (NYP) Angels : RHP Victor Padilla
|
|
Batting: RHB Antonio Oyola
|
0-0: Foul Ball, location: 2F 0-1: Ball 1-1: Ball 2-1: Foul Ball, location: 2F 2-2: Ground out 5-3 (Groundball, 56S, EV 71.2 MPH)
|
|
Batting: RHB Tomokazu Sugimoto
|
0-0: Ball 1-0: Ball 2-0: Ball 3-0: Base on Balls
|
|
Pitching: LHP Chris Fuller
|
|
|
Batting: RHB Bryan Alfaro
|
0-0: Called Strike Tomokazu Sugimoto steals 2nd base 0-1: Ball 1-1: Ball 2-1: Swinging Strike 2-2: Strikes out swinging
|
|
Batting: RHB Ching-hsia Zhang
|
0-0: Called Strike 0-1: Called Strike 0-2: Strikes out swinging
|
| Top of the 7th over - 0 runs, 0 hits, 0 errors, 1 left on base; Everett 3 - Los Angeles (NYP) 1 |
| BOTTOM OF THE 7TH |
|
Los Angeles (NYP) Angels batting - Pitching for Everett AquaSox : RHP Eduardo Arlarcon
|
|
Batting: SHB Yuya Hirata
|
0-0: Ball 1-0: Ground out 4-3 (Groundball, 34, EV 103.1 MPH)
|
|
Batting: LHB Bill Girton
|
0-0: Ball 1-0: Ball 2-0: Foul Ball, location: 2F 2-1: Ball 3-1: Called Strike 3-2: Base on Balls
|
|
Batting: RHB Brendan Garoutte
|
|
|
Batting: LHB Matthew Bale
|
0-0: Called Strike Bill Girton is caught stealing 2nd base 2-6 0-1: Swinging Strike 0-2: Ball 1-2: Strikes out looking
|
| Bottom of the 7th over - 0 runs, 0 hits, 0 errors, 0 left on base; Everett 3 - Los Angeles (NYP) 1 |
| TOP OF THE 8TH |
|
Everett AquaSox batting - Pitching for Los Angeles (NYP) Angels : LHP Chris Fuller
|
|
Batting: SHB Tony Morales
|
0-0: Called Strike 0-1: Foul Ball, location: 2F 0-2: Ball 1-2: Foul Ball, location: 2F 1-2: Ball 2-2: Ground out 3-1 (Groundball, 34S, EV 91.2 MPH)
|
|
Batting: RHB Sal Cervantes
|
0-0: Ground out 4-3 (Groundball, 4, EV 85.0 MPH)
|
|
Batting: RHB Rich Justice
|
0-0: Ball 1-0: Foul Ball, location: 2F 1-1: Called Strike 1-2: Foul Ball, location: 2F 1-2: Ball 2-2: Foul Ball, location: 2F 2-2: Foul Ball, location: 2F 2-2: Strikes out looking
|
| Top of the 8th over - 0 runs, 0 hits, 0 errors, 0 left on base; Everett 3 - Los Angeles (NYP) 1 |
| BOTTOM OF THE 8TH |
|
Los Angeles (NYP) Angels batting - Pitching for Everett AquaSox : RHP Eduardo Arlarcon
|
|
Batting: RHB Ron Major
|
0-0: Ball 1-0: Called Strike 1-1: Ball 2-1: Ball 3-1: Base on Balls
|
|
Batting: RHB Scott Webb
|
0-0: Foul Ball, location: 2F 0-1: Ball 1-1: Ball 2-1: Fielders Choice at 2nd, 4-6 (Groundball, 4, EV 87.5 MPH)
|
|
Batting: RHB Dan Myers
|
0-0: Called Strike 0-1: Ball Wild Pitch! Scott Webb to second 1-1: Foul Ball, location: 2F 1-2: Ball 2-2: Strikes out swinging
|
|
Batting: RHB Ivan Barrientos
|
0-0: Called Strike 0-1: Foul Ball, location: 2F 0-2: Ball 1-2: Ball 2-2: Strikes out looking
|
| Bottom of the 8th over - 0 runs, 0 hits, 0 errors, 1 left on base; Everett 3 - Los Angeles (NYP) 1 |
| TOP OF THE 9TH |
|
Everett AquaSox batting - Pitching for Los Angeles (NYP) Angels : LHP Chris Fuller
|
|
Pitching: RHP Simon Vogel
|
|
|
Batting: SHB Raghnall Ahearne
|
0-0: Foul Ball, location: 2F 0-1: Swinging Strike 0-2: SINGLE (Flyball, 56D, EV 95.6 MPH)
|
|
Batting: RHB Danny Pujols
|
0-0: Ball Raghnall Ahearne steals 2nd base 1-0: Foul Ball, location: 2F 1-1: Called Strike 1-2: Fly out, F8 (Flyball, 8RD, EV 79.4 MPH)
|
|
Batting: RHB Antonio Oyola
|
0-0: Called Strike Raghnall Ahearne steals 3rd base 0-1: Swinging Strike 0-2: Foul Ball, location: 2F 0-2: Ball 1-2: Ball 2-2: 2-RUN HOME RUN (Flyball, 7LD, EV 99.4 MPH), Distance : 366 ft
|
|
Batting: RHB Tomokazu Sugimoto
|
0-0: Foul Ball, location: 2F 0-1: SINGLE (Groundball, 5, EV 100.0 MPH)
|
|
Batting: RHB Bryan Alfaro
|
0-0: Called Strike 0-1: Ball 1-1: Foul Ball, location: 2F 1-2: Strikes out looking Tomokazu Sugimoto steals 2nd base Batter strikes out.
|
|
Batting: RHB Ching-hsia Zhang
|
0-0: Swinging Strike 0-1: Foul Ball, location: 2F 0-2: Strikes out looking
|
| Top of the 9th over - 2 runs, 3 hits, 0 errors, 1 left on base; Everett 5 - Los Angeles (NYP) 1 |
| BOTTOM OF THE 9TH |
|
Los Angeles (NYP) Angels batting - Pitching for Everett AquaSox : RHP Eduardo Arlarcon
|
|
Batting: RHB Aaron Bryant
|
0-0: Called Strike 0-1: Ball 1-1: Ground out 6-3 (Groundball, 6M, EV 81.9 MPH)
|
|
Pitching: RHP Luis Pantoja
|
|
|
Batting: RHB Wilford Harper
|
0-0: Ball 1-0: Ball 2-0: Ground out U3 (Groundball, 34, EV 83.8 MPH)
|
|
Batting: SHB Yuya Hirata
|
0-0: Ball 1-0: Ball 2-0: Foul Ball, location: 2F 2-1: Ball 3-1: Ground out 1-3 (Groundball, 15S, EV 64.4 MPH)
|
| Bottom of the 9th over - 0 runs, 0 hits, 0 errors, 0 left on base; Everett 5 - Los Angeles (NYP) 1 |
|